AoeStats
← GA | Oink

Runestones

508242355Analyzed
1v1 RM · 10d ago on Sep 21, 2026· 25m 5s· 2 players
Game mode
Random Map
Map size
Tiny (2 player)
Population
200
Speed
Normal
Resources
Standard
Victory
Conquest
Starting age
Dark Age
Ending age
Imperial Age
RankedLock teamsTeams togetherTeam positionsShared explorationLock speedFull tech treeHidden civsTurbo modeCheats
Victory
Defeat
🇦🇷 Goths · Argentina
1008
+16
🇩🇪 Portuguese · Germany
1011
-16
malcador el sigilita
0:28 Loom
10:51 Feudal Age
10:57 Man-at-Arms
12:06 Double-Bit Axe
20:23 Castle Age
19:35 Fletching
19:45 Padded Archer Armor
22:25 Forging
22:50 Leather Archer Armor
23:39 Squires
GA | Oink
9:24 Feudal Age
20:13 Castle Age
18:20 Double-Bit Axe
19:59 Bloodlines
21:15 Crossbowman
22:27 Fletching
Connection lost

Rejoining the realm…

Still unreachable

The connection could not be restored.

Session expired

The server has moved on; the page needs a fresh start.